 Dungeon Crawl Stone Soup version 0.27-a0-604-g29a88b33a7 (webtiles) character file.

Game seed: 2388375356577698731

18 PentaManta the Ruffian (level 2, 29/29 HPs)
             Began as a Troll Abyssal Knight on Mar 12, 2021.
             Was a Follower of Lugonu.
             Got out of the dungeon alive.
             The game lasted 00:00:46 (296 turns).

PentaManta the Ruffian (Troll Abyssal Knight)        Turns: 296, Time: 00:00:46

Health: 29/29      AC:  4    Str: 19    XL:     2   Next: 48%
Magic:  2/2        EV:  9    Int:  8    God:    Lugonu [*.....]
Gold:   20         SH:  0    Dex:  9    Spells: 1/1 levels left

rFire    . . .     SeeInvis .     - Unarmed
rCold    . . .     Faith    .   (no shield)
rNeg     . . .     Spirit   .   a - +0 robe
rPois    .         Reflect  .   (helmet restricted)
rElec    .         Harm     .   (no cloak)
rCorr    .         Rampage  .   (gloves unavailable)
Will     .....                  (boots unavailable)
Stlth    +.........             (no amulet)
HPRegen  1.09/turn              (no ring)
MPRegen  0.08/turn              (no ring)

@: no status effects
A: large, unfitting armour, claws 3, regeneration 1, shaggy fur 1, tough skin 1
a: Renounce Religion, Depart the Abyss


You escaped.
You worshipped Lugonu.
Lugonu was aware of your devotion.
You visited 1 branch of the dungeon, and saw 1 of its levels.
You visited the Abyss 1 time.

You collected 20 gold pieces.

Inventory:

Armour
 a - a +0 robe (worn)
Potions
 c - 4 potions of curing


   Skills:
 - Level 2.4 Fighting
 - Level 1.9 Dodging
 + Level 3.1 Unarmed Combat
 - Level 1.5 Invocations


You had one spell level left.
You didn't know any spells.
Your spell library was empty.

Dungeon Overview and Level Annotations

Branches:
Dungeon (1/15)

Altars:


Innate Abilities, Weirdness & Mutations

You are too large for most types of armour.
You have claws for hands.
Your natural rate of healing is unusually fast.
You are covered in fur. (AC +1)
You have tough skin. (AC +1)


Message History

The stone hits you but does no damage. The bat hits you but does no damage.
You barely miss the bat. The bat hits you but does no damage.
You scratch the kobold.
The kobold is moderately wounded.
The bat completely misses you. The kobold hits you but does no damage.
The bat hits you but does no damage.
You barely miss the kobold.
The kobold is moderately wounded.
The bat hits you but does no damage. The bat closely misses you.
The kobold barely misses you. The bat barely misses you.
You scratch the kobold.
You kill the kobold!
Lugonu accepts your kill. The bat hits you but does no damage. x2
A goblin comes into view. It is wielding a +0 club.
You scratch the bat.
The bat is severely wounded.
The bat hits you but does no damage. The bat hits you but does no damage.
You scratch the bat.
You kill the bat!
Lugonu accepts your kill.
You miss the goblin. The goblin barely misses you.
You scratch the goblin.
You kill the goblin!
Lugonu accepts your kill.
No target in view!
No target in view!
Things that are here:
5 stones; a bat corpse; a kobold corpse
Things that are here:
a +0 club; 2 stones; a kobold corpse
Things that are here:
a jackal corpse; a jackal corpse; a jackal corpse
There is a staircase leading out of the dungeon here.
Are you sure you want to leave the Dungeon?
This will make you lose the game!
Alright, then stay!
Are you sure you want to leave the Dungeon?
This will make you lose the game!
You have escaped!

#...# ##....####..##
#...# ####........#
##### ##..#..##...
####..#.#..######
.....#...#......#
.#####.....#####.#
..#...........#..#
...#.........#..##
...#....@....#....#
..#...........#...#
#####.....#####.>.#
.....#...#..........
####..#.#.......####
##..#....##...
##...#### ## #####


There were no monsters in sight!

Vanquished Creatures
  A giant cockroach (D:1)
  4 jackals (D:1)
  4 kobolds (D:1)
  4 bats (D:1)
  2 goblins (D:1)
  A rat (D:1)
16 creatures vanquished.

Notes
Turn   | Place    | Note
-------+----------+-------------------------------------------
     0 | Abyss:1  | PentaManta the Troll Abyssal Knight began the quest for the
                  | Orb.
     0 | Abyss:1  | Reached XP level 1. HP: 22/22 MP: 1/1
    99 | Abyss:1  | Noticed an ancient zyme
   100 | D:1      | Escaped the Abyss
   150 | D:1      | Reached * piety under Lugonu
   169 | D:1      | Reached XP level 2. HP: 29/29 MP: 2/2
   246 | D:1      | Reached skill level 3 in Unarmed Combat
   296 | D:$      | Got out of the dungeon alive.

Illustrated notes

Levels and vault maps discovered:
D:1:      scummos_arrival_star, layout_rooms, grunt_decor_junction

Skill      XL: |  1  2 |
---------------+-------+-----
Unarmed Combat | 3 |  3.1
Fighting       | |  2.4
Dodging        | |  1.9
Invocations    | |  1.5

Action                   || total
-------------------------++-------
Melee: Unarmed           ||    52
Invok: Depart the Abyss  ||     1
  Use: Scroll            ||     1
Armor: Robe              ||    35
Dodge: Dodged            ||    38

Table legend: (Time is in decaauts)
 A = Elapsed time spent in this place.
 B = Non-inter-level travel time spent in this place.
 C = Inter-level travel time spent in this place.
 D = Time resting spent in this place.
 E = Time spent auto-exploring this place.
 F = Levels seen in this place.
 G = Mean time per level.
                   A        B        C        D        E       F      G
               +--------+--------+--------+--------+--------+-----+--------+
         Total |    293 |    257 |     36 |      0 |    166 |   2 |  146.5 |
       Dungeon |    193 |    157 |     36 |      0 |     68 |   1 |  193.0 |
         Abyss |    100 |    100 |      0 |      0 |     98 |   1 |  100.0 |
               +--------+--------+--------+--------+--------+-----+--------+

Top non-repeatable levels by time:
     D:1: 193 daAuts
 Abyss:1: 100 daAuts
